 Dungeon Crawl Stone Soup version 0.29-a0-284-gf9362112df (webtiles) character file.

Game seed: 7847129413564722244

26632 sizableburger the Grappler (level 13, -15/92 HPs)
             Began as an Octopode Transmuter on Mar 25, 2022.
             Was a High Priest of Wu Jian.
             Demolished by a tengu warrior
             ... wielding a +2 war axe
              (19 damage)
             ... on level 13 of the Dungeon on Mar 26, 2022.
             The game lasted 00:48:13 (18898 turns).

sizableburger the Grappler (Octopode Transmuter)   Turns: 18898, Time: 00:48:14

Health: -15/92     AC:  5    Str: 20    XL:     13   Next: 27%
Magic:  0/23       EV: 17    Int: 15    God:    Wu Jian [*****.]
Gold:   1236       SH:  0    Dex: 19    Spells: 2/26 levels left

rFire   . . .      SeeInvis .     - Unarmed
rCold   . . .      Faith    .   (no shield)
rNeg    + . .      Spirit   +   (helmet restricted)
rPois   +          Reflect  .   f - amulet "Icaebe Voic" {Spirit rPois rN+ Will+}
rElec   .          Harm     .   p - +4 ring of protection
rCorr   .          Rampage  .   t - +6 ring of dexterity
Will    ++...                   x - ring of willpower
Stlth   +++.......              j - +6 ring of strength
HPRegen 0.25/turn               (no ring)
MPRegen 0.18/turn               (no ring)
                                (no ring)
                                (no ring)

@: no status effects
A: almost no armour, amphibious, 8 rings, camouflage 1, gelatinous body 1,
(nimble swimmer 1), tentacles
a: Renounce Religion, Wall Jump, Serpent's Lash, Heavenly Storm


You were on level 13 of the Dungeon.
You worshipped Wu Jian.
Wu Jian was extremely pleased with you.
You visited 2 branches of the dungeon, and saw 14 of its levels.
You also visited: Sewer.

You collected 1236 gold pieces.

Inventory:

Missiles
 b - 41 poisoned darts
 A - a throwing net
Jewellery
 f - the amulet "Icaebe Voic" (around mantle) {Spirit rPois rN+ Will+}
   (You acquired it on level 8 of the Dungeon)

   [amulet of guardian spirit]

   It causes incoming damage to be divided between your reserves of health and
   magic.
   rPois:     It protects you from poison.
   rN:        It protects you from negative energy.
   Will:      It increases your willpower.
 j - a +6 ring of strength (on tentacle)
 p - a +4 ring of protection (left tentacle)
 t - a +6 ring of dexterity (right tentacle)
 x - a ring of willpower (on tentacle)
 C - a ring of ice
 F - a ring of willpower
Wands
 w - a wand of digging (14)
 z - a wand of flame (12)
 D - a wand of iceblast (10)
 I - a wand of polymorph (10)
Scrolls
 a - a scroll of fog
 c - 7 scrolls of teleportation
 l - 2 scrolls of holy word
 n - a scroll of torment
 q - 3 scrolls of brand weapon
 r - a scroll of vulnerability
 y - 3 scrolls of enchant armour
 B - a scroll of magic mapping
 E - a scroll of identify
 G - a scroll of fear
 H - a scroll of blinking
Potions
 d - a potion of might
 e - 3 potions of brilliance
 g - 5 potions of curing
 h - 3 potions of magic
 i - 2 potions of heal wounds
 k - a potion of flight
 m - a potion of mutation
 o - 4 potions of haste
 s - a potion of berserk rage
 u - 3 potions of invisibility
 v - a potion of ambrosia


   Skills:
 - Level 10.0 Fighting
 - Level 6.2 Dodging
 + Level 11.7 Unarmed Combat
 - Level 7.0 Spellcasting
 + Level 3.1 Summonings
 - Level 8.0 Transmutations
 - Level 4.0 Fire Magic
 - Level 5.2 Ice Magic
 - Level 9.0 Poison Magic
 + Level 3.4 Evocations


You had 2 spell levels left.
You knew the following spells:

 Your Spells              Type           Power      Damage    Failure   Level
a - Beastly Appendage     Tmut           58%        N/A       1%          1
b - Wereblood             Tmut           29%        N/A       1%          2
c - Spider Form           Tmut/Pois      30%        N/A       1%          3
d - Ice Form              Ice/Tmut       25%        N/A       9%          4
e - Sting                 Tmut/Pois      100%       1d8       1%          1
f - Olgreb's Toxic Radia  Pois           32%        N/A       3%          4
g - Ignite Poison         Fire/Tmut/Pois 26%        N/A       2%          3
h - Poisonous Vapours     Pois/Air       36%        N/A       3%          2
i - Summon Ice Beast      Ice/Summ       17%        N/A       24%         4

Your spell library contained the following spells:

 Spells                   Type           Power      Damage    Failure   Level
 Blade Hands              Tmut           14%        N/A       14%         5
 Eringya's Noxious Bog    Tmut/Pois      15%        N/A       52%         6
 Irradiate                Conj/Tmut      8%         3d16      56%         5
 Metabolic Englaciation   Hex/Ice        6%         N/A       77%         5
 Dragon Form              Tmut           14%        N/A       99%         7


Dungeon Overview and Level Annotations

Branches:
Dungeon (13/15)            Temple (1/1) D:4            Lair (0/6) D:11
    Orc (0/2) D:9           Sewer (visited)
 Vaults: D:13-14

Altars:
Ashenzari
Cheibriados
Dithmenos
Elyvilon
Fedhas
Gozag
Hepliaklqana
Kikubaaqudgha
Makhleb
Nemelex Xobeh
Okawaru
Qazlal
Ru
Sif Muna
Trog
Uskayaw
Vehumet
Wu Jian
Xom
Yredelemnul
Zin
The Shining One
Beogh

Shops:
D:4 (   D:5 !   D:10 ?

Annotations:
D:2 1 runed translucent door, Crazy Yiuf
D:13 1 transporter


Innate Abilities, Weirdness & Mutations

You cannot wear most types of armour.
You are amphibious.
You can wear up to eight rings at the same time.
Your skin changes colour to match your surroundings (Stealth+).
Your rubbery body absorbs attacks. (AC +1, EV +1)
((You are camouflaged when in or above water. (Stealth+)))
You have tentacles for arms and can constrict up to eight enemies at once.


Message History

The Council accepts your kill.
You feel a strong urge to attack something.
You are no longer berserk.
You are exhausted.
You feel yourself slow down.
There is a transporter landing site here.
There are monsters nearby!
There are monsters nearby!
There are monsters nearby!
Your transformation is almost over.
You feel yourself speed up.
Your transformation has ended.
You recover from your berserk rage.
A tengu warrior comes into view.
It is wielding a +2 war axe and wearing a +1 buckler of fire resistance.
The tengu warrior shouts!
The tengu warrior completely misses you.
The tengu warrior closely misses you.
The tengu warrior completely misses you.
The tengu warrior hits you with a +2 war axe.
The tengu warrior pecks you.
The tengu warrior claws you but does no damage.
The tengu warrior hits you with a +2 war axe!
The tengu warrior pecks you.
* * * LOW HITPOINT WARNING * * *
The tengu warrior closely misses you.
The tengu warrior hits you with a +2 war axe!
* * * LOW HITPOINT WARNING * * *
The tengu warrior pecks you.
* * * LOW HITPOINT WARNING * * *
The tengu warrior claws you.
* * * LOW HITPOINT WARNING * * *
The tengu warrior hits you with a +2 war axe!
* * * LOW HITPOINT WARNING * * *
The tengu warrior barely misses you.
The tengu warrior completely misses you.
The tengu warrior closely misses you. The tengu warrior barely misses you.
The tengu warrior claws you.
* * * LOW HITPOINT WARNING * * *
The tengu warrior hits you with a +2 war axe!!
You die...

##................<...#
##...
.....##..............##
####
..######.............#
#
#######.............##
####................#
#.......###........##
.....#### ###...©..#
.##### ########### ##
#....@....# #....Q....#
#.........# #.........#
##.........##
#####.#.#######
######[)#######
#T#####.#####T# ###
#C#####.#####D# #.#


You could see a tengu warrior and 2 deep troll earth magi.

Vanquished Creatures
  Jorgrun (D:12)
  A fire giant (D:13)
  Snorg (D:10)
  Harold (D:9)
  Fannar (D:10)
  4 hydras
  A boulder beetle (D:12)
  3 two-headed ogres
  A deep troll earth mage (D:13)
  4 cyclopes
  2 manticores
  Joseph (D:10)
  2 kobold demonologists (D:12)
  Maggie (D:6)
  2 hornets (D:9)
  4 trolls
  3 shadows
  4 wyverns
  31 yaks
  Eustachio (D:6)
  3 steam dragons (D:7)
  2 basilisks (D:11)
  2 vampire mosquitoes (D:13)
  2 acid dragons
  5 water moccasins
  2 ice beasts (D:6)
  6 orc warriors
  3 black bears
  A sky beast (D:6)
  2 ogres
  11 centaurs
  3 phantoms (D:9)
  8 kobold brigands
  Blork the orc (D:4)
  A gnoll sergeant (D:11)
  A bullfrog (D:6)
  A necrophage (D:4)
  2 scorpions (D:4)
  8 wights
  2 troll zombies (D:9)
  A howler monkey (D:9)
  2 gnoll shamans
  2 hounds
  2 jellies
  14 orc priests
  11 orc wizards
  Natasha (thrice) (D:4)
  Terence (D:2)
  2 iguanas
  6 ogre zombies (D:9)
  12 gnolls
  7 adders
  A river rat (Sewer)
  A shadow imp (D:8)
  2 white imps (D:7)
  An ufetubus (D:4)
  A worm (Sewer)
  2 dart slugs
  38 orcs
  10 bats
  12 endoplasms
  3 giant cockroaches
  10 goblins
  8 hobgoblins
  11 jackals
  4 quokkas
  14 ball pythons
  3 frilled lizards (D:3)
  2 goblin skeletons (D:9)
  2 goblin zombies (D:9)
  3 hobgoblin zombies (D:9)
  35 kobolds
  3 orc skeletons (D:9)
  15 orc zombies (D:9)
  12 rats
391 creatures vanquished.

Vanquished Creatures (collateral kills)
  A black bear (D:5)
  An ufetubus (D:5)
  An orc (D:5)
3 creatures vanquished.

Vanquished Creatures (others)
  3 fungi (D:11)
  28 plants
31 creatures vanquished.

Grand Total: 425 creatures vanquished

Notes
Turn   | Place    | Note
-------+----------+-------------------------------------------
     0 | D:1      | sizableburger the Octopode Transmuter began the quest for
                  | the Orb.
     0 | D:1      | Reached XP level 1. HP: 13/13 MP: 3/3
   539 | D:1      | Reached XP level 2. HP: 15/18 MP: 3/5
   591 | D:1      | You fall into a shaft and drop 1 floor!
   631 | D:2      | Learned a level 2 spell: Wereblood
  1197 | D:1      | Reached XP level 3. HP: 21/24 MP: 4/6
  1218 | D:1      | Learned a level 3 spell: Spider Form
  2013 | D:2      | Reached skill level 1 in Poison Magic
  2125 | D:2      | Noticed Terence
  2135 | D:2      | Killed Terence
  2136 | D:2      | Reached skill level 4 in Unarmed Combat
  2136 | D:2      | Reached XP level 4. HP: 21/29 MP: 7/7
  2446 | D:2      | Found a runed translucent door.
  2447 | D:2      | Noticed Crazy Yiuf
  2869 | D:3      | Found a glowing drain.
  2891 | Sewer    | Entered a sewer
  2900 | Sewer    | Noticed a kobold brigand
  2910 | Sewer    | Killed a kobold brigand
  2911 | Sewer    | Reached XP level 5. HP: 34/34 MP: 4/8
  4069 | Sewer    | Noticed a kobold brigand
  4079 | Sewer    | Killed a kobold brigand
  4080 | Sewer    | Reached skill level 5 in Unarmed Combat
  4080 | Sewer    | Reached XP level 6. HP: 31/39 MP: 6/9
  4358 | D:3      | Found a radiant altar of Vehumet.
  4574 | D:3      | Found a faded altar of an unknown god.
  4896 | D:4      | Noticed Blork the orc
  4908 | D:4      | Killed Blork the orc
  4909 | D:4      | Reached skill level 5 in Poison Magic
  4909 | D:4      | Reached XP level 7. HP: 25/45 MP: 7/10
  5171 | D:4      | Noticed Natasha
  5452 | D:4      | Found a staircase to the Ecumenical Temple.
  5457 | Temple   | Entered the Ecumenical Temple
  5637 | D:4      | Found Noinikamio's Firing Range.
  5700 | D:4      | Reached skill level 6 in Unarmed Combat
  5766 | D:4      | Found a shimmering altar of Xom.
  5860 | D:4      | Found a broken altar of Ashenzari.
  5890 | D:4      | Killed Natasha
  6203 | D:4      | Noticed Natasha
  6213 | D:4      | Killed Natasha
  6305 | D:4      | Learned a level 4 spell: Ice Form
  6373 | D:4      | Noticed Natasha
  6383 | D:4      | Killed Natasha
  6444 | D:4      | Reached XP level 8. HP: 49/52 MP: 8/11
  6762 | D:5      | Entered Level 5 of the Dungeon
  6762 | D:5      | Found a snail-covered altar of Cheibriados.
  6765 | D:5      | Learned a level 1 spell: Sting
  7018 | D:5      | Found Ynweun's Distillery.
  7415 | D:5      | Reached skill level 7 in Unarmed Combat
  7465 | D:5      | Found an ornate altar of the Wu Jian Council.
  7481 | D:5      | Became a worshipper of the Wu Jian Council
  7829 | D:6      | Noticed a troll
  7846 | D:6      | Killed a troll
  7847 | D:6      | Reached skill level 5 in Fighting
  7847 | D:6      | Reached skill level 5 in Transmutations
  7847 | D:6      | Reached XP level 9. HP: 38/61 MP: 7/12
  8090 | D:6      | Noticed Maggie
  8119 | D:6      | Killed Maggie
  8120 | D:6      | Reached skill level 8 in Unarmed Combat
  8120 | D:6      | Reached skill level 1 in Ice Magic
  8297 | D:6      | Noticed Eustachio
  8308 | D:6      | Killed Eustachio
  9149 | D:7      | Noticed a troll
  9298 | D:7      | Noticed a two-headed ogre
  9593 | D:7      | Reached skill level 9 in Unarmed Combat
  9929 | D:7      | Found a transporter.
 10002 | D:7      | Found a shadowy altar of Dithmenos.
 10036 | D:7      | Reached * piety under Wu Jian
 10152 | D:7      | Reached XP level 10. HP: 58/68 MP: 11/15
 10463 | D:7      | Found a white marble altar of Elyvilon.
 10586 | D:7      | Found a transporter.
 10650 | D:7      | Killed a two-headed ogre
 10651 | D:7      | Reached skill level 5 in Ice Magic
 10686 | D:7      | Got the Tome of Intoxication and Ice
 10759 | D:7      | Learned a level 4 spell: Olgreb's Toxic Radiance
 10763 | D:7      | Learned a level 3 spell: Ignite Poison
 10920 | D:8      | Found a hazy altar of Hepliaklqana.
 11140 | D:8      | Identified a scroll of acquirement
 11140 | D:8      | Acquired the amulet "Icaebe Voic" {Spirit rPois rN+ Will+}
 11213 | D:8      | Reached ** piety under Wu Jian
 11226 | D:8      | Reached skill level 5 in Dodging
 11226 | D:8      | Reached skill level 5 in Spellcasting
 11303 | D:8      | Found a sacrificial altar of Ru.
 11751 | D:9      | Reached XP level 11. HP: 41/72 MP: 6/19
 12038 | D:9      | Noticed Harold
 12053 | D:9      | Killed Harold
 12293 | D:9      | Found a staircase to the Orcish Mines.
 12308 | D:9      | Reached *** piety under Wu Jian
 12543 | D:9      | Found a bloodstained altar of Trog.
 12776 | D:9      | Found a shimmering blue altar of Sif Muna.
 12974 | D:9      | Identified the +0 pair of boots of Responsibility {rPois
                  | Will+ Dex+3}
 13011 | D:9      | Found a blossoming altar of Fedhas.
 13200 | D:10     | Entered Level 10 of the Dungeon
 13200 | D:10     | Found Geelas's Magic Scroll Boutique.
 13259 | D:10     | Reached **** piety under Wu Jian
 13573 | D:10     | Noticed Joseph
 13584 | D:10     | Killed Joseph
 13763 | D:10     | Noticed a two-headed ogre
 13771 | D:10     | Learned a level 2 spell: Poisonous Vapours
 13784 | D:10     | Killed a two-headed ogre
 13975 | D:10     | Noticed Snorg
 13994 | D:10     | Killed Snorg
 13994 | D:10     | Reached skill level 1 in Fire Magic
 14317 | D:10     | Found an iron altar of Okawaru.
 14341 | D:10     | Noticed Fannar
 14356 | D:10     | Killed Fannar
 14550 | D:10     | Reached XP level 12. HP: 82/82 MP: 15/20
 14681 | D:11     | Reached skill level 10 in Unarmed Combat
 14883 | D:11     | Found a staircase to the Lair.
 15215 | D:11     | Noticed a six-headed hydra
 15227 | D:11     | Killed a six-headed hydra
 15299 | D:11     | Noticed a five-headed hydra
 15307 | D:11     | Killed a five-headed hydra
 15526 | D:11     | Found an opulent altar of Gozag.
 16348 | D:12     | Noticed Jorgrun
 16348 | D:12     | Noticed a two-headed ogre
 16735 | D:12     | Killed Jorgrun
 17027 | D:12     | Reached ***** piety under Wu Jian
 17170 | D:12     | Noticed a boulder beetle
 17177 | D:12     | Killed a boulder beetle
 17178 | D:12     | Reached skill level 11 in Unarmed Combat
 17344 | D:12     | Killed a two-headed ogre
 17719 | D:12     | Learned a level 4 spell: Summon Ice Beast
 17830 | D:13     | Reached skill level 1 in Evocations
 17830 | D:13     | Reached XP level 13. HP: 91/91 MP: 18/23
 17861 | D:13     | Found a transporter.
 18004 | D:13     | Reached skill level 1 in Summonings
 18353 | D:13     | Reached skill level 10 in Fighting
 18566 | D:13     | Found a transporter.
 18804 | D:13     | Noticed an ettin
 18804 | D:13     | Noticed an ettin
 18809 | D:13     | Noticed a fire giant
 18827 | D:13     | Killed a fire giant
 18897 | D:13     | HP: 4/92 [tengu warrior/+2 war axe (2)]
 18898 | D:13     | Demolished by a tengu warrior

Illustrated notes

Levels and vault maps discovered:
D:1:      minmay_arrival_shoal_huts, layout_loops_ring, serial_rivers,
          chequers_serial_rivers_micro_a, chequers_serial_rivers_micro_c,
          chequers_serial_rivers_small_3, chequers_serial_rivers_micro_e,
          chequers_serial_rivers_room_b, chequers_serial_rivers_small_b,
          minmay_misc_feat_enclosed, minmay_pentomino_x4
D:2:      layout_basic, uniq_terence, uniq_crazy_yiuf_cottage
D:3:      layout_loops_ring, nicolae_vehumet_radiance, portal_sewer_entry_c,
          hellmonk_ecumenical_altar_leap_of_faith, kennysheep_generic_room_3
D:4:      layout_rooms, tgw_xom, lemuel_coloured_pillars_altar,
          minmay_temple_entry_steel_oval, serial_forest,
          infiniplex_forest_clump_tiny, infiniplex_forest_corner_1,
          infiniplex_forest_clump_diagonal, infiniplex_forest_clump_double,
          infiniplex_forest_end_1, infiniplex_forest_clump_cross,
          infiniplex_forest_lined_1, minmay_fountain_box,
          nicolae_shop_firing_range, uniq_natasha, uniq_blork_the_orc
D:5:      layout_cave_pools, mainiacjoe_overflow_brackets, cheibriados_altar_1,
          serial_shops, shop, dk_vineyard_1
D:6:      layout_basic, corexii_hall_statues_s, grunt_decor_resistance,
          uniq_maggie, uniq_eustachio
D:7:      gammafunk_beogh_shrine, layout_rooms, grunt_dithmenos_smoke,
          mainiacjoe_overflow_cross_hatched
D:8:      layout_loops_ring, amcnicky_altar_gilded, mainiacjoe_overflow_paths,
          serial_bayou_pond_d
D:9:      layout_cave_pools, kennysheep_orc_sif_temple,
          mainiacjoe_overflow_boulevard, fedhas_altar_fruit_tree,
          zombieorc2_lemuel, chequers_serial_rivers_large_a,
          roderic_roman_lattice, uniq_harold
D:10:     layout_basic, mainiacjoe_overflow_alcove_1, serial_shops,
          nicolae_stop_n_shop_2, minmay_sticks_and_stones, uniq_fannar,
          uniq_snorg
D:11:     minmay_goldmine, layout_stronghold, minmay_lair_entry_grove,
          grunt_gozag_statues
D:12:     layout_basic, uniq_jorgrun
D:13:     gammafunk_dig_for_victory, layout_cave_pods,
          chequers_serial_rivers_micro_b
Temple:   dpeg_three_leaves_temple

Skill      XL: |  1  2  3  4  5  6  7  8  9 10 11 12 13 |
---------------+----------------------------------------+-----
Fighting       | 2 3 5 6 7 9 10 | 10.0
Poison Magic   | 2 3 4 5 7 9 |  9.0
Unarmed Combat | 4 5 6 7 9 11 | 11.7
Transmutations | 3 5 7 8 |  8.0
Ice Magic      | 4 5 |  5.2
Spellcasting   | 3 5 7 |  7.0
Dodging        | 3 6 |  6.2
Fire Magic     | 2 4 |  4.0
Evocations     | 1 3 |  3.4
Summonings     | 3 |  3.1

Action                   |  1- 3 |  4- 6 |  7- 9 | 10-12 | 13-15 || total
-------------------------+-------+-------+-------+-------+-------++-------
Melee: Unarmed           |    89 |   133 |   315 |   575 |    39 ||  1151
       Constrict         |    26 |    19 |    13 |    13 |       ||    71
       Tentacles         |    13 |    17 |    23 |    24 |       ||    77
       Kick              |    10 |     1 |     1 |       |       ||    12
       Punch             |     2 |     3 |    10 |     3 |       ||    18
 Cast: Beastly Appendage |     9 |     1 |     5 |     1 |       ||    16
       Wereblood         |     2 |     3 |    10 |    14 |       ||    29
       Spider Form       |       |     5 |    34 |    26 |     1 ||    66
       Sting             |       |       |     6 |     4 |       ||    10
       Ice Form          |       |       |       |    26 |     4 ||    30
       Olgreb's Toxic Ra |       |       |       |     8 |       ||     8
       Ignite Poison     |       |       |       |     9 |       ||     9
       Poisonous Vapours |       |       |       |     6 |     3 ||     9
Invok: Lunge             |       |       |    11 |    49 |     2 ||    62
       Whirlwind         |       |       |       |    16 |       ||    16
       Serpent's Lash    |       |       |       |     1 |       ||     1
Evoke: Wand              |       |       |       |     2 |       ||     2
  Use: Potion            |     1 |     1 |     3 |     5 |     2 ||    12
       Scroll            |       |     5 |    12 |     8 |     3 ||    28
 Stab: Sleeping          |     4 |     7 |     4 |     2 |       ||    17
       Invisible         |       |       |       |     4 |       ||     4
Armor: Skin              |    11 |     8 |    53 |    72 |     9 ||   153
Dodge: Dodged            |    66 |    90 |   242 |   374 |    47 ||   819

Table legend: (Time is in decaauts)
 A = Elapsed time spent in this place.
 B = Non-inter-level travel time spent in this place.
 C = Inter-level travel time spent in this place.
 D = Time resting spent in this place.
 E = Time spent auto-exploring this place.
 F = Levels seen in this place.
 G = Mean time per level.
                   A        B        C        D        E       F      G
               +--------+--------+--------+--------+--------+-----+--------+
         Total |  18766 |  18062 |    704 |   4446 |  10448 |  15 | 1251.1 |
       Dungeon |  17417 |  16713 |    704 |   3779 |  10086 |  13 | 1339.8 |
        Temple |     63 |     63 |      0 |      0 |      0 |   1 |   63.0 |
         Sewer |   1284 |   1284 |      0 |    667 |    362 |   1 | 1284.0 |
               +--------+--------+--------+--------+--------+-----+--------+

Top non-repeatable levels by time:
    D:11: 1851 daAuts
     D:4: 1813 daAuts
     D:6: 1643 daAuts
     D:2: 1524 daAuts
    D:10: 1499 daAuts
     D:9: 1426 daAuts
     D:7: 1353 daAuts
   Sewer: 1284 daAuts
     D:3: 1207 daAuts
    D:12: 1179 daAuts
     D:1: 1150 daAuts
    D:13: 1122 daAuts
     D:8: 936 daAuts
     D:5: 710 daAuts
  Temple: 63 daAuts
